 Dungeon Crawl Stone Soup version 0.27.1 (webtiles) character file.

Game seed: 4719638078497497808

9 comborobin the Ruffian (level 2, 25/25 HPs)
             Began as a Palentonga Berserker on Aug 25, 2021.
             Was a Follower of Trog.
             Quit the game on level 1 of the Dungeon.
             The game lasted 00:00:45 (344 turns).

comborobin the Ruffian (Palentonga Berserker)        Turns: 344, Time: 00:00:46

Health: 25/25      AC:  4    Str: 20    XL:     2   Next: 3%
Magic:  2/2        EV:  9    Int:  7    God:    Trog [*.....]
Gold:   0          SH:  0    Dex:  9    Spells: 1/1 levels left

rFire    . . .     SeeInvis +     - Unarmed
rCold    . . .     Faith    .   (no shield)
rNeg     . . .     Spirit   .   a - +0 animal skin
rPois    .         Reflect  .   (no helmet)
rElec    .         Harm     .   (no cloak)
rCorr    .         Rampage  .   (no gloves)
Will     .....                  (no barding)
Stlth    +.........             (no amulet)
HPRegen  0.08/turn              (no ring)
MPRegen  0.08/turn              (no ring)

@: no status effects
A: large, rugged brown scales 3, see invisible, deformed body, roll 1, armoured
tail
a: Rolling Charge, Renounce Religion, Berserk


You were on level 1 of the Dungeon.
You worshipped Trog.
Trog was aware of your devotion.
You visited 1 branch of the dungeon, and saw 1 of its levels.

Inventory:

Armour
 a - a +0 animal skin (worn)
Potions
 b - a potion of flight {unknown}


   Skills:
 - Level 3.0 Fighting
 - Level 1.5 Armour
 - Level 1.5 Dodging
 + Level 3.6 Unarmed Combat


You had one spell level left.
You didn't know any spells.
Your spell library contained the following spells:

 Spells                   Type           Power      Damage    Failure   Level
 Sandblast                Erth           0%         2d4       43%         1
 Passwall                 Tmut/Erth      0%         N/A       56%         2
 Lee's Rapid Deconstruct  Erth           0%         3d5*      100%        5


Dungeon Overview and Level Annotations

Branches:
Dungeon (1/15)

Altars:


Innate Abilities, Weirdness & Mutations

You are completely covered in rugged brown scales. (AC +3, +7% HP)
You have supernaturally acute eyesight. (SInv)
Armour fits poorly on your strangely shaped body.
You can roll at nearby foes to attack.
You have a long armoured tail.


Message History

* * * LOW HITPOINT WARNING * * *
You hit the kobold.
You kill the kobold!
Trog accepts your kill.
You hit the dart slug.
The dart slug is lightly wounded.
The dart slug barely misses you.
You punch the dart slug!
The dart slug is almost dead.
You hit the dart slug. You tail-slap the dart slug.
You kill the dart slug!
Trog accepts your kill.
You barely miss the quokka. You tail-slap the quokka.
You kill the quokka!
Trog accepts your kill.
You have reached level 2!
You start resting.
HP restored.
Items here: ) ÷÷÷.
Found a stone staircase leading down.
b - a purple potion
Found a book of Geomancy.
A rat comes into view.
A rat is nearby!
A rat is nearby!
A rat is nearby!
The rat bites you but does no damage.
You hit the rat.
You kill the rat!
Trog accepts your kill.
No target in view!
Found a scroll labelled RUVUBU USOLOILIOSS.
You see here a rat corpse.
No target in view!
No target in view!
Found a faded altar of an unknown god.
You see here a book of Geomancy.
You pick up a book of Geomancy and begin reading...
You add the spells Sandblast, Passwall and Lee's Rapid Deconstruction to your library.
Are you sure you want to abandon this character and quit the game? (Confirm with "yes".)

###......# #........#
?.......# #...... ......
##.#.#########
#......^_#...########
#####..@.####....#......
...8....†...............
........................
#####...................
......................
.......................
...#.............#......
................#....#.#
......#.##...####)#....#


There were no monsters in sight!

Vanquished Creatures
  A dart slug (D:1)
  An endoplasm (D:1)
  A kobold (D:1)
  A quokka (D:1)
  A ball python (D:1)
  2 rats (D:1)
7 creatures vanquished.

Notes
Turn   | Place    | Note
-------+----------+-------------------------------------------
     0 | D:1      | comborobin the Palentonga Berserker began the quest for the
                  | Orb.
     0 | D:1      | Reached XP level 1. HP: 19/19 MP: 1/1
    32 | D:1      | Reached XP level 2. HP: 2/25 MP: 2/2
   342 | D:1      | Found a faded altar of an unknown god.
   344 | D:1      | Quit the game

Illustrated notes

Levels and vault maps discovered:
D:1:      dpeg_arrival_tiny_f, layout_rooms,
          hellmonk_ecumenical_altar_leap_of_faith, chequers_decorated_corner

Action                   || total
-------------------------++-------
Melee: Unarmed           ||    19
       Tailslap          ||     5
Armor: Animal skin       ||     5
Dodge: Dodged            ||     2
